Map: Simulacrum LE

Players

GOReynor (Reynor)

  • Race: Zerg Zerg
  • League: Master
  • Spawn Location: 5:00

Clem - Winner!

  • Race: Terran Terran
  • League: Master
  • Spawn Location: 11:00

Event: NationWars 2019

VOD

Have the link to the VOD?

Description

Time

  • Played on: Dec. 8, 2019, 12:29 p.m.
  • Length: 14:30

All games in this series

Show
View Real Time Build Order
Export as new Build Order

GOReynor Zerg 

Build Orders: Hatch First 

Get SALT Encoding   

  12  0:00  Drone  
  13  0:12  Overlord  
  13  0:17  Drone  
  14  0:30  Drone x2  
  16  0:50  Hatchery  
  16  0:52  Drone  
  16  0:56  Drone  
  17  0:59  Drone  
  18  1:11  Extractor  
  17  1:15  Spawning Pool  
  17  1:18  Drone  
  17  1:22  Drone  
  18  1:27  Drone  
  19  1:38  Drone  
  20  1:54  Drone  
  21  2:02  Zergling x4, Queen  
  25  2:08  Hatchery  
  24  2:16  Queen  
  26  2:23  Overlord  
  26  2:25  Drone  
  26  2:28  Drone  
  28  2:41  Drone x3  
  28  2:42  Drone  
  32  2:44  Metabolic Boost  
  32  2:46  Drone  
  33  2:55  Queen  
  34  2:59  Overlord  
  34  3:01  Zergling x2  
  34  3:06  Drone  
  35  3:18  Spore Crawler  
  34  3:20  Spore Crawler  
  34  3:21  Drone  
  34  3:25  Zergling x4  
  38  3:27  Drone x3, Queen  
  38  3:29  Overlord  
  43  3:37  Drone x3  
  45  3:42  Drone x3  
  48  3:49  Zergling x4  
  48  3:53  Drone  
  48  3:55  Queen  
  51  3:58  Zergling x6  
  51  4:01  Zergling x2  
  55  4:04  Drone  
  52  4:13  Zergling x4  
  52  4:14  Drone  
  52  4:15  Drone  
  55  4:19  Drone  
  55  4:20  Drone  
  55  4:23  Drone  
  58  4:29  Overlord  
  58  4:30  Spore Crawler  
  56  4:32  Drone  
  57  4:39  Overlord  
  57  4:45  Spore Crawler  
  56  4:47  Drone  
  56  4:49  Drone x4  
  56  4:50  Drone  
  63  4:53  Drone  
  63  4:54  Drone  
  63  4:57  Lair  
  63  4:59  Drone x4  
  68  5:03  Drone x3, Baneling Nest  
  68  5:05  Drone  
  68  5:06  Extractor x2  
  69  5:08  Zergling x4  
  69  5:11  Overlord  
  69  5:12  Drone  
  72  5:16  Drone  
  72  5:17  Overlord  
  73  5:22  Overlord  
  73  5:26  Overlord  
  73  5:28  Queen  
  73  5:30  Drone x2  
  73  5:31  Drone x4  
  81  5:35  Zergling x2  
  81  5:36  Zergling x4  
  81  5:39  Drone x3  
  81  5:41  Drone  
  84  5:50  Drone  
  84  5:51  Drone  
  85  5:58  Centrifical Hooks  
  85  6:03  Drone x3, Evolution Chamber  
  87  6:04  Extractor, Evolution Chamber  
  87  6:06  Zergling x2, Extractor  
  87  6:07  Spore Crawler, Hatchery  
  87  6:10  Zergling x8  
  86  6:15  Overlord  
  86  6:17  Zergling x8  
  90  6:24  Zergling x2  
  90  6:25  Zergling x4  
  93  6:27  Drone  
  93  6:28  Drone  
  93  6:30  Zergling x10  
  93  6:32  Baneling x2  
  100  6:33  Zerg Melee Weapons Level 1  
  100  6:39  Zerg Ground Armor Level 1  
  100  6:42  Baneling x5  
  100  6:43  Zergling x6  
  100  6:47  Overlord  
  102  6:59  Zergling x10  
  103  7:03  Zergling x10  
  103  7:04  Queen  
  103  7:05  Overlord  
  103  7:06  Zergling x4  
  100  7:10  Zergling x4  
  100  7:15  Zergling x2  
  102  7:19  Zergling x4  
  102  7:20  Zergling x2  
  102  7:21  Infestation Pit  
  104  7:24  Drone x3  
  104  7:25  Zergling x2  
  104  7:27  Baneling x6  
  108  7:31  Drone x3  
  108  7:36  Zergling x2  
  111  7:40  Drone x2  
  111  7:42  Drone  
  113  7:46  Zergling x6  
  113  7:48  Overlord  
  115  7:52  Drone x2  
  118  7:58  Zergling x6  
  118  8:00  Hive  
  120  8:08  Pneumatized Carapace  
  120  8:10  Overlord x2  
  117  8:23  Zergling x8  
  117  8:24  Overlord  
  117  8:27  Zergling x6  
  117  8:28  Zergling x16  
  117  8:31  Hatchery  
  125  8:37  Zergling x18  
  125  8:38  Zerg Ground Armor Level 2, Zerg Melee Weapons Level 2  
  134  8:44  Zergling x2  
  131  8:49  Baneling x4  
  131  8:50  Baneling x2  
  131  8:51  Zergling x6  
  131  8:57  Drone x4  
  131  8:58  Drone  
  131  8:59  Extractor  
  131  9:01  Extractor  
  131  9:02  Zergling x4  
  134  9:07  Zergling x2  
  130  9:10  Zergling x8  
  130  9:11  Zergling x4  
  130  9:13  Ultralisk Cavern  
  130  9:14  Zergling x6  
  130  9:18  Overseer x2  
  130  9:20  Zergling x2  
  130  9:24  Zergling x6  
  134  9:27  Adrenal Glands  
  134  9:30  Drone x3  
  134  9:31  Zergling x2  
  138  9:34  Baneling x9  
  138  9:35  Zergling x4, Baneling x6  
  140  9:40  Zergling x8  
  140  9:42  Overlord x2  
  140  9:43  Overlord  
  140  9:44  Overlord  
  135  9:48  Overlord  
  135  9:52  Zergling x4  
  121  9:53  Zergling x2  
  121  9:57  Zergling x4  
  121  9:58  Zergling x6  
  117  10:01  Zergling x6  
  117  10:03  Baneling x2  
  117  10:04  Baneling x8  
  117  10:05  Zergling x4  
  121  10:13  Hatchery  
  121  10:14  Drone x4  
  115  10:15  Zergling x6  
  115  10:17  Chitinous Plating  
  108  10:21  Zergling x2  
  108  10:25  Baneling x6  
  108  10:26  Ultralisk  
  108  10:27  Zergling x2  
  115  10:31  Drone x2  
  117  10:36  Overseer  
  117  10:37  Baneling x3  
  117  10:38  Baneling  
  117  10:40  Zergling x8  
  118  10:51  Baneling x11  
  118  10:52  Zergling x6, Ultralisk  
  116  10:59  Baneling x4  
  116  11:00  Zergling x10  
  116  11:01  Zergling x2  
  113  11:04  Zergling x2  
  113  11:05  Zergling x6  
  113  11:07  Zergling x4  
  109  11:13  Zergling x10  
  111  11:20  Zergling x2, Ultralisk  
  111  11:22  Zergling x4  
  117  11:26  Zergling x2  
  117  11:29  Zergling x4  
  120  11:35  Baneling x6  
  120  11:38  Drone x3  
  115  11:40  Overseer  
  115  11:43  Zergling x4  
  115  11:44  Zergling x4  
  116  11:52  Overlord x2  
  109  12:02  Zergling x6  
  109  12:05  Overlord  
  109  12:07  Drone x3  
  112  12:10  Drone  
  112  12:11  Hatchery  
  112  12:12  Baneling x4  
  112  12:15  Zergling x8, Ultralisk  
  112  12:24  Zergling x12  
  112  12:26  Zergling x4  
  114  12:31  Zergling x6  
  114  12:32  Zergling x4  
  114  12:36  Zergling x2  
  107  12:42  Zergling x6  
  107  12:46  Zergling x2  
  111  12:52  Zergling x2  
  111  12:53  Zergling x2  
  111  12:57  Zergling x4  
  110  12:58  Zergling x2  
  110  13:04  Zergling x6  
  113  13:06  Overlord  
  109  13:14  Drone  
  109  13:15  Spire  
  109  13:17  Baneling x4  
  109  13:18  Baneling  
  109  13:20  Drone  
  109  13:24  Drone x2  
  109  13:25  Zergling x2  
  102  13:30  Zergling x2  
  92  13:37  Zergling x2  
Show
View Real Time Build Order
Export as new Build Order

Clem Terran - Winner!

Build Orders: Gas First Reaper Expand, Liberator Opening 

Get SALT Encoding   

  12  0:01  SCV  
  13  0:13  SCV  
  14  0:17  Supply Depot  
  14  0:25  SCV  
  15  0:29  Refinery  
  15  0:39  SCV  
  16  0:45  Barracks  
  16  0:51  SCV  
  17  1:03  SCV  
  18  1:15  SCV  
  19  1:32  Orbital Command, Reaper  
  20  1:42  Command Center  
  20  1:54  Factory  
  20  1:58  SCV  
  21  2:06  Barracks Reactor  
  21  2:10  SCV  
  21  2:13  Supply Depot  
  22  2:16  Refinery  
  22  2:22  SCV  
  23  2:34  SCV  
  24  2:45  Starport  
  24  2:46  SCV  
  24  2:49  Hellion  
  24  2:50  Hellion  
  29  2:57  Orbital Command  
  29  3:00  Barracks Tech Lab  
  29  3:01  SCV  
  30  3:05  Liberator  
  30  3:12  Hellion  
  32  3:14  Hellion  
  32  3:19  SCV  
  38  3:27  SCV  
  38  3:33  SCV  
  40  3:39  SCV  
  41  3:42  Hellion x2  
  41  3:45  SCV  
  41  3:47  Supply Depot  
  46  3:49  Stimpack  
  46  4:01  SCV x2  
  44  4:13  SCV  
  44  4:16  Factory Tech Lab  
  44  4:18  Starport Reactor, Marine  
  44  4:19  Supply Depot, SCV, Command Center  
  44  4:25  SCV  
  44  4:29  Barracks  
  44  4:31  SCV  
  44  4:34  Barracks  
  44  4:37  SCV  
  45  4:39  Siege Tank  
  45  4:40  Marine  
  45  4:44  SCV  
  50  4:50  Engineering Bay, SCV  
  51  4:55  Engineering Bay  
  51  4:56  SCV  
  52  5:02  SCV  
  52  5:03  Supply Depot  
  52  5:04  Starport Reactor  
  52  5:05  Marine  
  54  5:08  SCV  
  54  5:11  Refinery  
  54  5:12  Refinery  
  54  5:14  SCV  
  56  5:19  Terran Infantry Weapons Level 1  
  56  5:22  Marine x2  
  56  5:23  Marine x3  
  56  5:24  SCV  
  62  5:32  Orbital Command  
  62  5:34  SCV  
  63  5:38  Siege Tank  
  63  5:40  Marine x2  
  68  5:46  Marine x2  
  68  5:48  Terran Infantry Armor Level 1  
  68  5:49  Medivac x2  
  72  5:50  Marine  
  72  5:52  SCV x2  
  72  5:55  Orbital Command  
  75  5:57  Supply Depot  
  75  5:58  Marine  
  75  6:00  Marine  
  75  6:02  Barracks  
  75  6:03  Combat Shield  
  75  6:04  SCV, Marine  
  78  6:07  SCV  
  78  6:10  Barracks  
  80  6:16  SCV  
  81  6:19  SCV  
  81  6:22  Armory, Supply Depot  
  81  6:23  SCV  
  83  6:28  SCV, Marine x2  
  83  6:30  Marine  
  83  6:31  SCV  
  88  6:35  SCV  
  88  6:36  Marine  
  88  6:39  Factory  
  90  6:43  SCV, Factory Reactor  
  90  6:46  Marine  
  90  6:47  Marine  
  92  6:48  SCV  
  92  6:50  SCV, Supply Depot  
  92  6:51  Supply Depot  
  95  6:55  Marine  
  95  6:56  SCV  
  95  6:59  Barracks Reactor x2  
  94  7:01  Medivac x2  
  94  7:04  SCV  
  89  7:12  SCV x2  
  89  7:13  Marine x2  
  89  7:15  Marine  
  89  7:16  SCV, Supply Depot  
  89  7:17  Terran Infantry Weapons Level 2  
  89  7:18  Marine  
  89  7:19  Supply Depot  
  89  7:23  Drilling Claws  
  89  7:24  SCV  
  89  7:27  Marine  
  89  7:28  SCV x2  
  89  7:29  Widow Mine x2  
  97  7:32  Marine  
  97  7:34  Widow Mine  
  97  7:36  SCV  
  101  7:40  Marine x4  
  101  7:41  Marine x3  
  101  7:43  SCV x2  
  110  7:44  Supply Depot  
  110  7:47  Supply Depot  
  110  7:49  SCV  
  111  7:52  Marine x2  
  111  7:54  Widow Mine x2  
  111  7:55  SCV x2  
  118  7:59  Terran Infantry Armor Level 2  
  118  8:00  Supply Depot, Marine  
  118  8:01  SCV  
  118  8:04  Marine  
  118  8:05  Marine x4  
  125  8:08  Terran Vehicle And Ship Armor Level 1  
  125  8:11  SCV x2, Refinery x2  
  127  8:13  SCV, Marine  
  127  8:27  Marine x2  
  127  8:28  Marine x4  
  127  8:30  SCV x2  
  127  8:32  Command Center  
  127  8:33  Supply Depot, Medivac x2  
  141  8:34  Widow Mine  
  141  8:36  Widow Mine  
  141  8:37  Marine  
  141  8:38  Marine x2  
  146  8:43  Supply Depot  
  146  8:45  SCV, Marine  
  148  8:49  SCV x2  
  148  8:50  Widow Mine  
  148  8:51  Marine  
  145  8:55  Marine  
  145  8:58  Supply Depot, Marine, Widow Mine x2  
  145  8:59  Marine x5  
  156  9:03  Marine  
  156  9:09  Marine  
  156  9:10  Supply Depot  
  156  9:12  Widow Mine  
  156  9:13  Marine  
  156  9:16  Marine x2  
  160  9:19  Marauder, Marine x3  
  160  9:20  Widow Mine x2  
  160  9:21  Marine  
  170  9:26  Barracks  
  170  9:27  Barracks, Marine  
  170  9:29  Barracks  
  169  9:31  Marine  
  169  9:34  Marine x2  
  169  9:36  Widow Mine  
  169  9:37  Marine x2  
  176  9:42  Widow Mine  
  176  9:45  Medivac  
  178  9:46  Marine x4  
  178  9:48  Widow Mine  
  178  9:49  Medivac, Marine  
  170  9:57  Marine  
  170  9:58  Marine, Widow Mine  
  159  10:02  Marine  
  159  10:03  Widow Mine, Marine x2  
  159  10:04  Marauder  
  159  10:07  Terran Infantry Weapons Level 3  
  162  10:10  Widow Mine  
  162  10:13  Marine  
  162  10:14  Marine  
  158  10:15  Medivac  
  158  10:16  Marine x3  
  158  10:19  Widow Mine, Barracks Tech Lab  
  158  10:20  Barracks Reactor, Barracks Tech Lab  
  164  10:26  Terran Infantry Armor Level 3, Marauder  
  163  10:36  Terran Vehicle And Ship Armor Level 2  
  163  10:38  Widow Mine, Marine  
  163  10:40  Marauder  
  168  10:47  Marauder  
  169  10:50  Marauder  
  169  10:53  Liberator  
  169  10:55  Medivac  
  169  10:56  Marine x4  
  164  11:02  Marauder  
  153  11:08  Marauder  
  153  11:09  Marine  
  153  11:10  Widow Mine x2  
  158  11:11  Marauder  
  158  11:13  Marine x2  
  158  11:14  Planetary Fortress  
  150  11:23  Marauder, Marine  
  153  11:27  SCV  
  153  11:28  Sensor Tower  
  153  11:30  Liberator, Marauder  
  153  11:31  Marine x2  
  153  11:32  Widow Mine  
  162  11:33  Marauder  
  162  11:37  Marine x2  
  164  11:40  Marine x2  
  164  11:42  SCV x2  
  164  11:44  Marauder  
  164  11:46  Marine x2  
  172  11:49  Liberator  
  172  11:50  Widow Mine  
  172  11:51  Marauder  
  172  11:53  Marine x3  
  184  11:54  Marauder, Marine  
  184  11:55  Marine x2  
  184  11:57  Starport  
  184  12:01  Widow Mine  
  174  12:06  Marauder, Marine x3  
  182  12:09  Widow Mine  
  182  12:10  Marine  
  182  12:11  Marine x3  
  182  12:12  Marauder  
  182  12:13  Liberator, Marine  
  182  12:14  Marine, Widow Mine  
  196  12:15  Marauder  
  196  12:19  Liberator  
  196  12:22  Marine  
  186  12:24  Marine x3  
  186  12:25  SCV x2  
  186  12:27  Marauder  
  186  12:28  SCV x2, Marine  
  186  12:29  Command Center  
  188  12:30  Widow Mine  
  188  12:31  Liberator  
  188  12:34  Marauder  
  189  12:37  SCV x2  
  189  12:40  SCV  
  189  12:42  SCV  
  191  12:49  SCV x2  
  194  12:51  Widow Mine x2  
  194  12:53  Marauder  
  200  13:00  Command Center  
  200  13:04  Command Center  
  200  13:05  Fusion Core  
  196  13:12  Widow Mine  
  196  13:20  Refinery  
  196  13:21  Refinery  
  196  13:23  Widow Mine  
  193  13:38  Marauder  
  188  13:40  Marine x2  
  188  13:41  Widow Mine x2, Marauder x2, Marine x4  
Tags
 
Add a new tag
Caveats
  • Supply blocks, unpowered buildings, or Contaminate may cause inaccurate times.
  • Supply counts are checked every 10 seconds.